 Dungeon Crawl Stone Soup version 0.01-2115-ge649c80b0b (webtiles) character file.

Game seed: 5964069783674950677, levelgen mode: deterministic

324 funkygono the Whippersnapper (level 6, -2/53 HPs) Minotaur Fighter. Began on June 6, 2020. Slain by a crocodile (8 damage) ... on level 2 of the Dungeon. The game lasted 00:03:37 (1073 turns).

funkygono the Whippersnapper (Minotaur Fighter)     Turns: 1073, Time: 00:03:38

Health: -2/53      AC:  8    Str: 28    XL:     6 ^: 270
Magic:  5/5        EV:  8    Int:  5    God:
Gold:   61         SH:  9    Dex:  9    Spells: 5/5 levels left

rFire    . . .     Vision   .   a - +0 flail
rCold    . . .     Gourm    .   c - +0 heater shield
rNeg     . . .     Faith    .   b - +0 scale mail
rPois    +         Spirit   .   (helmet restricted)
rElec    .         Reflect  .   h - +0 cloak
rCorr    .         Harm     .   (no gloves)
MR       .....                  (no boots)
Stlth    ..........             (no amulet)
HPRegen  0.27/turn              k - ring of poison resistance
MPRegen  0.15/turn              (no ring)

@: mighty
A: retaliatory headbutt, horns 2
a: no special abilities


You were on level 2 of the Dungeon.
You were not hungry.

You visited 1 branch of the dungeon, and saw 2 of its levels.

You collected 61 gold pieces.

Inventory:

Weapons
 a - a +0 flail (weapon) Shields
 c - a +0 heater shield (shield)
 j - a +0 targe
Armour
 b - a +0 scale mail (worn)
 h - a +0 cloak (worn)
Jewellery
 k - a ring of poison resistance (left hand)
Scrolls
 i - a scroll of fog
 l - a scroll of amnesia
 n - 3 scrolls of fear
Potions
 d - a potion of might
 e - a potion of curing
 m - a potion of heal wounds
 o - a potion of brilliance
Comestibles
 f - 3 rations
 g - 7 chunks of flesh


   Skills:
 + Level 4.6 Fighting
 + Level 5.3 Whips & Flails
 + Level 4.7 Armour
 + Level 1.1 Dodging
 + Level 5.2 Shields


You had 5 spell levels left.
You didn't know any spells.
Your spell library was empty.

Dungeon Overview and Level Annotations

Branches:
Dungeon (2/8)

Altars:

Shops:
D:2 =


Innate Abilities, Weirdness & Mutations

You reflexively headbutt those who attack you in melee.
You have a pair of horns on your head.


Message History

You block the giant cockroach's attack.
The kobold hits the withered plant but does no damage.
The kobold hits the withered plant with a +0 club (2).
You block the big kobold's attack.
The kobold hits the withered plant with a +3 short sword of speed (3).
The kobold hits the withered plant but does no damage.
The kobold splashes around in the water.
The kobold hits the withered plant but does no damage. x3
The crocodile bites you (11)!
* * * LOW HITPOINT WARNING * * *
You thump the big kobold (9)! You headbutt the big kobold (7)!
The big kobold is almost dead. (3/27) HP You block the giant cockroach's attack.
The kobold hits the withered plant but does no damage. x3
The big kobold hits you with a +0 whip (5).
* * * LOW HITPOINT WARNING * * *
The kobold hits the withered plant but does no damage. x4
The kobold hits the withered plant with a +0 club (4).
The crocodile bites you (8)!
You die...

#.≈≈≈≈≈#.###P......≈#.≈
##.≈≈≈≈≈###
##.......#.. ≈.≈≈≈≈≈≈#
##...≈..#.≈ .#≈≈≈≈≈≈#
#####.÷.≈≈ #.≈≈≈≈÷#
#≈...≈ #≈.>...# ##≈#.≈
#≈≈.≈≈.# ≈.##.≈
#≈P≈≈ts# #.. .≈
≈≈P≈P≈P@# ##≈ .≈
##≈P≈≈PK# ## .≈
#P≈≈≈PK#


PP #PP≈KKK# PP #P≈≈KPK# #.≈≈KKP# #...KP≈# #≈≈...P# You could see a crocodile, 2
big kobolds, a giant cockroach and 8 kobolds.

Vanquished Creatures
  Edmund (D:2)
  A big kobold (D:2)
  A jelly (D:2)
  6 sewer rats (D:2)
  A cinder newt (D:1)
  An ooze (D:2)
  A dart slug (D:1)
  4 leopard geckos
  A ball python (D:2)
  4 bats (D:1)
  3 giant cockroaches
  9 goblins (D:1)
  3 hobgoblins (D:1)
  A bat skeleton (D:2)
  8 kobolds
  3 rats
48 creatures vanquished.

Vanquished Creatures (others)
  A rat (D:1)
  7 withered plants (D:2)
8 creatures vanquished.

Grand Total: 56 creatures vanquished

Notes
Turn   | Place    | Note
-------+----------+-------------------------------------------
     0 | D:1      | funkygono the Minotaur Fighter began the quest for the Orb.
     0 | D:1      | Reached XP level 1. HP: 19/19 MP: 0/0
   138 | D:1      | Reached XP level 2. HP: 27/27 MP: 1/1
   404 | D:1      | Reached XP level 3. HP: 29/33 MP: 2/2
   721 | D:2      | Noticed a big kobold
   734 | D:2      | Found Obayf's Jewellery Emporium.
   756 | D:2      | Killed a big kobold
   756 | D:2      | Reached XP level 4. HP: 27/41 MP: 3/3
   778 | D:2      | Reached XP level 5. HP: 31/47 MP: 4/4
   947 | D:2      | Noticed Edmund
   958 | D:2      | Killed Edmund
   958 | D:2      | Reached skill level 5 in Whips & Flails
   958 | D:2      | Reached skill level 1 in Dodging
   958 | D:2      | Reached skill level 5 in Shields
   958 | D:2      | Reached XP level 6. HP: 48/53 MP: 5/5
  1073 | D:2      | Slain by a crocodile

Levels and vault maps discovered:
D:1:      ncdulo_lavacross, layout_basic, minmay_tromino_mix6
D:2:      layout_sewer, serial_shops, shop_fountains,
          chequers_serial_rivers_micro_b, uniq_edmund

Skill      XL: |  1  2  3  4  5 |
---------------+----------------+-----
Fighting       | 4 |  4.6
Whips & Flails | 3 4 5 |  5.3
Shields        | 4 5 |  5.2
Armour         | 4 |  4.7
Dodging        | 1 |  1.1

Action                   |  1- 3 |  4- 6 || total
-------------------------+-------+-------++-------
Melee: Flail             |    98 |    76 ||   174
       Headbutt          |     7 |    13 ||    20
  Use: Potion            |       |     1 ||     1
  Eat: Chunk             |       |     1 ||     1
Armor: Scale mail        |    61 |    18 ||    79
Dodge: Dodged            |    47 |    22 ||    69
Block: Heater shield     |    68 |    39 ||   107
